 Dungeon Crawl Stone Soup version 0.30.0-29-ga12c61a403 (webtiles) character file.

Game seed: 1660955010714037251

711 FallenXxXSky the Cudgeller (level 7, 0/64 (72) HPs)
             Began as an Ogre Monk on June 25, 2023.
             Was a Believer of Makhleb.
             Slain by a sleepcap (8 damage)
             ... on level 4 of the Dungeon.
             The game lasted 00:04:46 (3983 turns).

FallenXxXSky the Cudgeller (Ogre Monk)              Turns: 3983, Time: 00:04:47

HP:   0/64 (72)     AC:  1    Str: 16    XL:     7   Next: 68%
MP:   7/7           EV: 10    Int: 11    God:    Makhleb [**....]
Gold: 249           SH:  0    Dex: 13    Spells: 6/6 levels left

rFire   . . .        t - +2 whip (elec)
rCold   . . .        d - orb {light}
rNeg    + + .        (body armour restricted)
rPois   .            (helmet restricted)
rElec   .            (no cloak)
rCorr   .            (gloves unavailable)
SInv    .            (boots unavailable)
Will    .....        (no amulet)
Stlth   +            q - ring of positive energy
HPRegen 0.30/turn    x - ring of positive energy
MPRegen 0.10/turn

%: no passive effects
@: glowing, heavily drained
A: large, unfitting armour, tough skin 1
a: Renounce Religion, Minor Destruction


You were on level 4 of the Dungeon.
You worshipped Makhleb.
Makhleb was pleased with you.
You visited 2 branches of the dungeon, and saw 6 of its levels.

You collected 249 gold pieces.

Inventory:

Hand Weapons
 a - a +0 mace
 b - a +0 flail
 t - a +2 whip of electrocution (weapon)
Armour
 d - an orb of light (worn)
 s - a +0 tower shield
Jewellery
 q - a ring of positive energy (left hand)
 x - a ring of positive energy (right hand)
Wands
 u - a wand of digging (5)
 y - a wand of flame (20)
Scrolls
 f - a scroll of identify
 h - a scroll of fog {unknown}
 j - 2 scrolls of immolation {unknown}
 l - a scroll of magic mapping {unknown}
 n - a scroll of teleportation {unknown}
 p - a scroll of enchant armour {unknown}
 r - 2 scrolls of fear {unknown}
 v - 2 scrolls of noise {unknown}
 z - a scroll of torment {unknown}
Potions
 c - a potion of ambrosia
 g - 2 potions of brilliance
 k - 2 potions of curing
 m - a potion of attraction {unknown}
 o - a potion of cancellation {unknown}
 w - a potion of berserk rage {unknown}


   Skills:
 - Level 5.0 Fighting
 * Level 6.4 Maces & Flails
 - Level 3.4 Dodging
 + Level 3.6 Shields


You had 6 spell levels left.
You didn't know any spells.
Your spell library contained the following spells:

 Spells                   Type           Power      Damage    Failure   Level
 Magic Dart               Conj           0%         1d3       34%         1
 Necrotise                Necr           0%         1d4       34%         1
 Summon Small Mammal      Summ           0%         N/A       34%         1
 Call Imp                 Summ           0%         N/A       47%         2
 Ensorcelled Hibernation  Hex/Ice        0%         N/A       47%         2
 Passwall                 Tmut/Erth      0%         N/A       47%         2
 Call Canine Familiar     Summ           0%         N/A       71%         3
 Mephitic Cloud           Conj/Pois/Air  0%         N/A       71%         3
 Summon Guardian Golem    Hex/Summ       0%         N/A       71%         3
 Swiftness                Air            0%         N/A       71%         3
 Vampiric Draining        Necr           0%         2d6       71%         3
 Agony                    Necr           0%         N/A       100%        5


Dungeon Overview and Level Annotations

Branches:
Dungeon (5/15)             Temple (1/1) D:4

Altars:
Dithmenos
Kikubaaqudgha
Makhleb
Qazlal
Sif Muna
Yredelemnul


Innate Abilities, Weirdness & Mutations

You are too large for most types of armour.
You have tough skin. (AC +1)


Message History

* * * LOW HITPOINT WARNING * * *
You partially resist.
You feel drained.
Okay, then.
Blink to where?
Press: ? - help, Dir - move target
As you read the scroll of blinking, it crumbles to dust.
A sleepcap comes into view.
The sleepcap releases spores at you.
* * * LOW HITPOINT WARNING * * *
The sleepcap attacks as you move away! The sleepcap barely misses you.
The sleepcap attacks as you move away! The sleepcap misses you.
The sleepcap attacks as you move away! The sleepcap misses you.
The sleepcap attacks as you move away! The sleepcap releases spores at you!
* * * LOW HITPOINT WARNING * * *
There is a stone staircase leading up here.
The sleepcap releases spores at you.
* * * LOW HITPOINT WARNING * * *
You climb upwards.
There is a stone staircase leading down here.
You hit the sleepcap but do no damage.
Press: ? - help, v - describe, . - travel
Here: a sleepcap (haloed)
The floor.
You hit the sleepcap but do no damage. The sleepcap releases spores at you.
* * * LOW HITPOINT WARNING * * *
You feel better. The sleepcap releases spores at you.
* * * LOW HITPOINT WARNING * * *
You hit the sleepcap.
The sleepcap is lightly damaged.
The sleepcap releases spores at you.
* * * LOW HITPOINT WARNING * * *
You hit the sleepcap.
The sleepcap is moderately damaged.
The sleepcap misses you.
You hit the sleepcap. Lightning courses through the sleepcap!
The sleepcap is severely damaged.
You hit the sleepcap.
The sleepcap is severely damaged.
The sleepcap releases spores at you!
You die...

#...............#.##.
#.######.####<..#.##. #.#
#.###....#.##. #.###
#.##.......##. #...#
#.#....###.### ###.#
#......# #.... ##.##
#......###.###
######...######.......# #
#......f@....###..#.#.###
#.####..)###.............
#.# ##.########.......#.
#.# #..........##.#.)#.
#.### #..##########.##[##
#...###..##########.#....
###......................
#..##..####.#######..⌠.
#......# #.......#....


You could see a sleepcap.

Vanquished Creatures
  A phantom (D:4)
  3 scorpions
  2 wights (D:5)
  A howler monkey (D:4)
  4 hounds
  A jelly (D:5)
  Jessica (D:3)
  3 gnolls (D:3)
  5 adders
  A dart slug (D:1)
  14 orcs
  4 bats
  4 endoplasms
  2 giant cockroaches
  4 goblins
  4 hobgoblins (D:2)
  3 quokkas
  8 ball pythons
  6 frilled lizards
  7 kobolds
  2 rats (D:2)
80 creatures vanquished.

Notes
Turn   | Place    | Note
-------+----------+-------------------------------------------
     0 | D:1      | FallenXxXSky the Ogre Monk began the quest for the Orb.
     0 | D:1      | Reached XP level 1. HP: 24/24 MP: 1/1
   135 | D:1      | Reached XP level 2. HP: 21/32 MP: 2/2
   149 | D:1      | Reached skill level 3 in Maces & Flails
   775 | D:2      | Reached XP level 3. HP: 38/40 MP: 3/3
  1286 | D:3      | Noticed Jessica
  1291 | D:3      | Killed Jessica
  1292 | D:3      | Reached XP level 4. HP: 31/49 MP: 4/4
  1467 | D:3      | Reached skill level 4 in Maces & Flails
  1602 | D:3      | Reached skill level 5 in Fighting
  1687 | D:3      | Reached XP level 5. HP: 53/57 MP: 5/5
  2340 | D:4      | Found a staircase to the Ecumenical Temple.
  2371 | Temple   | Entered the Ecumenical Temple
  2525 | Temple   | Became a worshipper of Makhleb the Destroyer
  2525 | Temple   | Reached * piety under Makhleb
  2525 | Temple   | Reached ** piety under Makhleb
  2675 | D:4      | Reached skill level 1 in Shields
  2747 | D:4      | Reached XP level 6. HP: 58/66 MP: 6/6
  2926 | D:4      | Reached skill level 5 in Maces & Flails
  3227 | D:5      | Entered Level 5 of the Dungeon
  3357 | D:4      | Reached XP level 7. HP: 24/72 MP: 7/7
  3659 | D:5      | Reached skill level 6 in Maces & Flails
  3978 | D:4      | HP: 1/64 [sleepcap (6)]
  3983 | D:4      | Slain by a sleepcap

Illustrated notes

Levels and vault maps discovered:
D:1:      nzn_arrival_settlement, layout_rooms, serial_bayou_crossing
D:2:      layout_basic
D:3:      layout_loops_ring, uniq_jessica
D:4:      layout_loops_ring, minmay_temple_entry_large_hall,
          minmay_fractal_squares_gapless_5
D:5:      layout_cave_pools
Temple:   mainiacjoe_temple_cubbyholes

Skill      XL: |  1  2  3  4  5  6  7 |
---------------+----------------------+-----
Maces & Flails | 3 4 5 6 |  6.4
Dodging        | 3 |  3.4
Fighting       | 5 |  5.0
Shields        | 1 2 3 |  3.6

Action                     |  1- 3 |  4- 6 |  7- 9 || total
---------------------------+-------+-------+-------++-------
  Melee: Mace              |    73 |    80 |       ||   153
         Whip              |       |    70 |    41 ||   111
    Use: Scroll            |     3 |       |     1 ||     4
         Potion            |       |       |     3 ||     3
 Armour: Robe              |    26 |    19 |       ||    45
         Skin              |       |     5 |     1 ||     6
  Dodge: Dodged            |    39 |    59 |    21 ||   119
  Block: Tower shield      |       |     4 |       ||     4
